 Dungeon Crawl Stone Soup version 0.21-a0-216-g6d3fd91 (webtiles) character file.

665 KristoblXynda the Chopper (level 7, 0/50 HPs)
             Began as a Demonspawn Gladiator on Aug 23, 2017.
             Slain by a centaur (6 damage)
             ... on level 5 of the Dungeon.
             The game lasted 00:05:52 (3757 turns).

KristoblXynda the Chopper (Demonspawn Gladiator)    Turns: 3757, Time: 00:05:52

Health: 0/50       AC:  5    Str: 15    XL:     7   Next: 31%
Magic:  0/7        EV: 13    Int: 11    God:
Gold:   185        SH:  0    Dex: 18    Spells: 6/6 levels left

rFire    . . .     SeeInvis .   a - +1 war axe
rCold    + . .     Gourm    .   (no shield)
rNeg     + . .     Faith    .   b - +1 leather armour
rPois    .         Spirit   +   c - +0 helmet
rElec    .         Reflect  .   (no cloak)
rCorr    .         Harm     .   (no gloves)
MR       .....                  (no boots)
Stlth    +++.......             n - amulet of guardian spirit
HPRegen  0.16/turn              h - ring of stealth
MPRegen  0.10/turn              w - ring of Ephemeral Luck {+Blink rC+ rN+ Dex+4}

@: no status effects
A: claws 2, hooves 1, nightstalker 1, spiny 2
a: Evoke Blink


You were on level 5 of the Dungeon.
You were not hungry.

You visited 1 branch of the dungeon, and saw 5 of its levels.
You also visited: Sewer.

You collected 185 gold pieces.

Inventory:

Hand Weapons
 a - a +1 war axe (weapon)
Missiles
 d - 3 throwing nets (quivered)
Armour
 b - a +1 leather armour (worn)
 c - a +0 helmet (worn)
Jewellery
 h - a ring of stealth (left claw)
 n - an amulet of guardian spirit (around neck)
 w - the ring of Ephemeral Luck (right claw) {+Blink rC+ rN+ Dex+4}
   (You found it on level 4 of the Dungeon)

   [ring of positive energy]

   It affects your dexterity (+4).
   It protects you from cold.
   It protects you from negative energy.
   It lets you blink.
Wands
 e - a wand of iceblast (5/15)
Scrolls
 p - a scroll of remove curse
 r - a scroll of teleportation
 t - a scroll of fog
Potions
 g - 2 potions of berserk rage
 j - 4 potions of flight
 k - a potion of might {unknown}
 l - 3 potions of mutation
 q - a potion of invisibility
 s - a potion of haste {unknown}
 u - a potion of heal wounds {unknown}
Comestibles
 f - 2 bread rations
 i - a chunk of flesh
 m - 5 fruits
 o - 4 royal jellies


   Skills:
 - Level 2.0 Fighting
 + Level 5.8 Axes
 - Level 2.0 Throwing
 + Level 4.6 Armour
 - Level 3.0 Dodging


You had 6 spell levels left.
You didn't know any spells.

Dungeon Overview and Level Annotations

Branches:
Dungeon (5/15)
 Temple: D:4-7

Altars:
Xom

Shops:
D:4 [


Innate Abilities, Weirdness & Mutations

You have very sharp fingernails.
You have large cloven feet.
You are slightly more attuned to the shadows.
You are mostly covered in sharp spines.


Message History

You barely miss the orc. You kick the orc.
The orc is moderately wounded.
The orc is struck by your spines. The orc hits you with a club.
The orc hits you with a club.
* * * LOW HITPOINT WARNING * * *
It was a potion of curing.
You feel better. The orc hits you with a club.
* * * LOW HITPOINT WARNING * * *
You feel better. The orc hits you with a club.
Unknown command.
You hit the orc.
You kill the orc!
The centaur shoots an arrow.
The arrow hits you!
* * * LOW HITPOINT WARNING * * *
x2 The centaur unwields an uncursed shortbow of velocity.
The centaur hits you but does no damage.
Things that are here:
a club; a chain mail You barely miss the centaur.
You kick the centaur, but do no damage. The centaur hits you!
You die...

#...... ##......
......! #... .#
#..##.#####
...###.<#.$.....
#....((#.......
#####(.#(......
############c@.......
#........# #.........
#<.......###.........
#...)....#...........
#....)...#...#..#####
#.............#..#
#.).).........##.>#
#.............# #.#
#..............# ..


You could see a centaur.

Vanquished Creatures
  An ogre (D:4)
  A phantom (D:4)
  A big kobold (Sewer)
  A bullfrog (D:3)
  2 jellies (D:2)
  2 orc wizards (D:5)
  A worker ant (D:4)
  3 gnolls (D:3)
  5 adders
  4 river rats
  An ooze (D:1)
  8 worms (D:3)
  4 dart slugs
  4 leopard geckos
  6 orcs
  A ball python (D:3)
  5 bats
  3 giant cockroaches (D:2)
  4 goblins
  4 hobgoblins
  An iguana (D:2)
  7 jackals
  2 quokkas
  2 frilled lizards (D:3)
  A jackal skeleton (D:5)
  5 kobolds
  10 rats
89 creatures vanquished.

Vanquished Creatures (others)
  An orc (D:5)
1 creature vanquished.

Grand Total: 90 creatures vanquished

Notes
Turn   | Place    | Note
-------+----------+-------------------------------------------
     0 | D:1      | KristoblXynda the Demonspawn Gladiator began the quest for the Orb.
     0 | D:1      | Reached XP level 1. HP: 16/16 MP: 1/1
   198 | D:1      | Reached skill level 3 in Axes
   198 | D:1      | Gained mutation: You are partially covered in sharp spines. [demonic ancestry]
   198 | D:1      | Reached XP level 2. HP: 14/22 MP: 2/2
   454 | D:1      | Reached skill level 1 in Armour
   598 | D:1      | Gained mutation: You have sharp fingernails. [demonic ancestry]
   598 | D:1      | Reached XP level 3. HP: 25/27 MP: 3/3
  1460 | D:2      | Gained mutation: You are mostly covered in sharp spines. [demonic ancestry]
  1460 | D:2      | Reached XP level 4. HP: 31/33 MP: 4/4
  1469 | D:2      | Reached skill level 4 in Axes
  1473 | D:2      | Found a shimmering altar of Xom.
  1792 | D:3      | Noticed a bullfrog
  1794 | D:3      | Gained mutation: You are slightly more attuned to the shadows. [demonic ancestry]
  1794 | D:3      | Reached XP level 5. HP: 33/38 MP: 5/5
  2303 | D:3      | Gained mutation: You have large cloven feet. [demonic ancestry]
  2303 | D:3      | Reached XP level 6. HP: 29/44 MP: 6/6
  2341 | D:3      | Found a glowing drain.
  2346 | Sewer    | Entered a sewer
  2667 | Sewer    | Reached skill level 5 in Axes
  2764 | Sewer    | Found a white marble altar of Elyvilon.
  3195 | D:4      | Got a smoking steel ring
  3257 | D:4      | Identified the ring of Ephemeral Luck {+Blink rC+ rN+ Dex+4} (You found it on level 4 of the Dungeon)
  3273 | D:4      | Found Laolam's Armour Emporium.
  3547 | D:4      | Gained mutation: You have very sharp fingernails. [demonic ancestry]
  3547 | D:4      | Reached XP level 7. HP: 50/50 MP: 7/7
  3605 | D:5      | Entered Level 5 of the Dungeon
  3757 | D:5      | Slain by a centaur

Vault maps used:
D:1:      onia_arrival_pyramid
D:2:      dk_xom_monty_hall
D:3:      first_bread, lightli_sewer_entry_pipes
D:4:      kennysheep_windowed_goal
D:5:      minmay_temple_entry_statues_pillars, minmay_misc_feat_chi,
          moated_statue
Sewer:    sewer_kobolds

Skill      XL: |  1  2  3  4  5  6 |
---------------+-------------------+-----
Axes           | 3 4 5 |  5.8
Throwing       | 2 |  2.0
Dodging        | 3 |  3.0
Armour         | 1 2 3 4 |  4.6
Fighting       | |  2.0

Action                   |  1- 3 |  4- 6 |  7- 9 || total
-------------------------+-------+-------+-------++-------
Melee: War axe           |    66 |   104 |    15 ||   185
       Kick              |       |    10 |     6 ||    16
  Use: Scroll            |     7 |     7 |       ||    14
       Potion            |       |       |     2 ||     2
 Stab: Sleeping          |       |     3 |       ||     3
  Eat: Chunk             |     2 |     3 |     1 ||     6
       Royal jelly       |       |     1 |       ||     1
       Fruit             |       |     1 |       ||     1
Armor: Leather armour    |    25 |    22 |     6 ||    53
Dodge: Dodged            |    63 |    69 |     8 ||   140

Table legend:
 A = Spawn XP
 B = Non-spawn XP
 C = Spawn XP percentage of total XP
 D = Spawn monster count
 E = Non-spawn monster count
 F = Spawn count percentage of total count
 G = Total turns spent on level
                    A         B        C        D         E        F      G
               +---------+---------+-------+---------+---------+-------+---------
         Total |       8 |     942 |   0.8 |       5 |      85 |   5.6 |  3757
               +---------+---------+-------+---------+---------+-------+---------
           D:1 |       2 |      42 |   4.5 |       1 |      17 |   5.6 |   870
           D:2 |       3 |     139 |   2.1 |       2 |      15 |  11.8 |   922
           D:3 |       3 |     235 |   1.3 |       2 |      27 |   6.9 |   698
           D:4 |       0 |     279 |   0.0 |       0 |       6 |   0.0 |   646
           D:5 |       0 |     116 |   0.0 |       0 |      11 |   0.0 |   152
         Sewer |       0 |     131 |   0.0 |       0 |       9 |   0.0 |   469
               +---------+---------+-------+---------+---------+-------+---------
